 Dungeon Crawl Stone Soup version 0.32-a0-699-g1ee5eff69a (webtiles) character file.

Game seed: 12767163812752194318

69 Alarak the Magician (level 4, 0/24 HPs)
             Began as a Gargoyle Earth Elementalist on Mar 13, 2024.
             Slain by Grinder (9 damage)
             ... while paralysed by Grinder
             ... on level 3 of the Dungeon on Mar 14, 2024.
             The game lasted 00:06:27 (2491 turns).

Alarak the Magician (Gargoyle Earth Elementalist)   Turns: 2491, Time: 00:06:28

Health: 0/24       AC:  5    Str: 11    XL:     4   Next: 20%
Magic:  12/19      EV:  2    Int: 21    God:
Gold:   37         SH:  0    Dex: 12    Spells: 4/11 levels left

rFire   . . .        (no weapon)
rCold   . . .        (no shield)
rNeg    + + .        a - +0 robe
rPois   ∞            (no helmet)
rElec   +            (no cloak)
rCorr   .            (no gloves)
SInv    .            (no boots)
Will    .....        (no amulet)
Stlth   ++           k - ring of Kyfesep {Wiz rN+ MP+9 Int+3 Dex+2}
HPRegen 0.24/turn    (no ring)
MPRegen 0.16/turn

%: wizardry (x1)
@: paralysed, weak-willed, enlightened, flying
A: sickness immunity, AC +3, negative energy resistance 1, electricity
resistance, torment resistance 1, petrification resistance
a: no special abilities


You were on level 3 of the Dungeon.
You visited 1 branch of the dungeon, and saw 3 of its levels.

You collected 884 gold pieces.
You spent 847 gold pieces at shops.

Inventory:

Hand Weapons
 l - a +0 mace of pain
Missiles
 f - 33 stones
Armour
 a - a +0 robe (worn)
Jewellery
 k - the ring of Kyfesep (left hand) {Wiz rN+ MP+9 Int+3 Dex+2}
   (You bought it in a shop on level 1 of the Dungeon)

   [ring of wizardry]

   Wiz:       It improves your spell success rate.
   Int+3:     It affects your intelligence (+3).
   Dex+2:     It affects your dexterity (+2).
   rN+:       It protects you from negative energy.
   MP+9:      It affects your magic capacity (+9).
Scrolls
 c - a scroll of revelation
 g - a scroll of brand weapon
 h - a scroll of enchant weapon
 m - a scroll of vulnerability
Potions
 b - 2 potions of magic
 d - a potion of curing
 i - a potion of brilliance {unknown}
 j - 3 potions of degeneration {unknown}


   Skills:
 - Level 1.5 Dodging
 - Level 2.1 Stealth
 + Level 4.0 Spellcasting
 - Level 1.1 Conjurations
 - Level 3.6 Earth Magic


You had 4 spell levels left.
You knew the following spells:

 Your Spells              Type           Power      Damage    Failure   Level
a - Sandblast             Erth           38%        2d10      1%          1
b - Stone Arrow           Conj/Erth      28%        3d8       6%          3
c - Passwall              Erth           19%        N/A       3%          3

Your spell library contained the following spells:

 Spells                   Type           Power      Damage    Failure   Level
 Brom's Barrelling Bould  Conj/Erth      14%        2d4       17%         4
 Petrify                  Alch/Erth      11%        N/A       22%         4


Dungeon Overview and Level Annotations

Branches:
Dungeon (3/15)

Altars:
Vehumet

Shops:
D:1 =(!

Annotations:
D:3 Grinder


Innate Abilities, Weirdness & Mutations

You are immune to sickness and miasma.
Your stone body is resilient. (AC +3)
You are immune to poison.
You resist negative energy. (rN+)
You are resistant to electric shocks. (rElec)
You are resistant to unholy torment.
You are immune to petrification.


Message History

The goblin hits you with a +0 club.
Okay, then.
Casting: Sandblast (safe; 1% risk of failure)
Confirm with . or Enter, or press ? or * to list all spells.
Aiming: Stone Arrow (quite dangerous; 6% risk of failure)
Press: ? - help, Shift-Dir - straight line, f/p - Grinder
Aim: Grinder (moderately wounded, 64% to hit)
You miscast Stone Arrow.
You are very lightly contaminated with residual magic.
Nothing appears to happen.
The goblin barely misses you. Grinder gestures at you.
You suddenly lose the ability to move!
The goblin hits you with a +0 club. Grinder barely misses you.
You can move again.
Casting: Stone Arrow (quite dangerous; 6% risk of failure)
Confirm with . or Enter, or press ? or * to list all spells.
Aiming: Stone Arrow (quite dangerous; 6% risk of failure)
Press: ? - help, Shift-Dir - straight line, f/p - Grinder
Aim: Grinder (moderately wounded, 64% to hit)
The stone arrow misses Grinder.
The goblin barely misses you. Grinder closely misses you.
Okay, then.
As you read the scroll labelled VEUVAU XESYFIH, it crumbles to dust.
A wave of despondency washes over your surroundings.
It was a scroll of vulnerability.
The goblin hits you with a +0 club. Grinder misses you.
Okay, then.
It was a potion of curing.
You feel better. The goblin barely misses you. Grinder misses you.
It was a potion of enlightenment.
You feel very buoyant.
You fly up into the air.
The goblin closely misses you. Grinder gestures at you.
You suddenly lose the ability to move!
The goblin hits you but does no damage. Grinder hits you.
You writhe in agony.
The goblin hits you with a +0 club. Grinder hits you but does no damage.
Your magical contamination has completely faded away.
The goblin hits you with a +0 club. Grinder hits you!
You die...
Grinder says, "Hey, I wasn't done torturing you yet!"

........#.##.#.......#
#######.#....#.......###
#.###..+..._...'.# #.#
#<.#.......#.#
#.####.#.......#.#
#......##.....##.#
###########+###..#
###.##.# #.## #...g@5#
#.# #.#.##.# #.# #
#.###.# #.....# #######


You could see Grinder (weak-willed) and a goblin (weak-willed).

Vanquished Creatures
  3 adders
  A dart slug (D:2)
  2 bats
  3 endoplasms (D:2)
  2 giant cockroaches (D:3)
  4 goblins
  6 hobgoblins
  8 kobolds
  6 ball pythons
  3 frilled lizards
  A rat (D:1)
39 creatures vanquished.

Notes
Turn   | Place    | Note
-------+----------+-------------------------------------------
     0 | D:1      | Alarak the Gargoyle Earth Elementalist began the quest for
                  | the Orb.
     0 | D:1      | Reached XP level 1. HP: 10/10 MP: 3/3
    88 | D:1      | Found Xiusameg's Distillery.
   120 | D:1      | Found Weakac's Weapon Shoppe.
   358 | D:1      | Reached XP level 2. HP: 15/15 MP: 0/5
   626 | D:1      | Found Ritruroha's Jewellery Shoppe.
  1094 | D:2      | Identified a scroll of acquirement
  1094 | D:2      | Acquired 751 gold pieces
  1132 | D:2      | Reached skill level 3 in Spellcasting
  1132 | D:2      | Reached XP level 3. HP: 19/19 MP: 3/7
  2109 | D:1      | Bought the ring of Kyfesep {Wiz rN+ MP+9 Int+3 Dex+2} for
                  | 847 gold pieces
  2317 | D:3      | Learned a level 3 spell: Stone Arrow
  2321 | D:3      | Learned a level 3 spell: Passwall
  2356 | D:3      | Reached skill level 4 in Spellcasting
  2356 | D:3      | Reached XP level 4. HP: 24/24 MP: 10/10
  2455 | D:3      | Found a radiant altar of Vehumet.
  2478 | D:3      | Noticed Grinder
  2483 | D:3      | Paralysed by Grinder for 2 turns
  2488 | D:3      | Paralysed by Grinder for 4 turns
  2491 | D:3      | Slain by Grinder

Illustrated notes

Levels and vault maps discovered:
D:1:      dpeg_arrival_shrine, layout_basic, serial_shops, shop, shop,
          nicolae_shop_stone, kennysheep_pointless_box
D:2:      layout_basic, glass_columns_b
D:3:      layout_basic, nicolae_vehumet_altar_sigil,
          hellmonk_ecumenical_altar_prayer_group, uniq_grinder

Skill      XL: |  1  2  3 |
---------------+----------+-----
Spellcasting   | 3 4 |  4.0
Dodging        | |  1.5
Stealth        | |  2.1
Conjurations   | |  1.1
Earth Magic    | |  3.6

Action                     |  1- 3 |  4- 6 || total
---------------------------+-------+-------++-------
  Melee: Unarmed           |     1 |       ||     1
   Cast: Sandblast         |    50 |     7 ||    57
         Stone Arrow       |       |     1 ||     1
    Use: Scroll            |     5 |     1 ||     6
         Potion            |       |     2 ||     2
 Armour: Robe              |     5 |    11 ||    16
  Dodge: Dodged            |     4 |     9 ||    13

Table legend: (Time is in decaauts)
 A = Elapsed time spent in this place.
 B = Non-inter-level travel time spent in this place.
 C = Inter-level travel time spent in this place.
 D = Time resting spent in this place.
 E = Time spent auto-exploring this place.
 F = Levels seen in this place.
 G = Mean time per level.
                   A        B        C        D        E       F      G
               +--------+--------+--------+--------+--------+-----+--------+
         Total |   2521 |   2253 |    268 |     69 |   1957 |   3 |  840.3 |
       Dungeon |   2521 |   2253 |    268 |     69 |   1957 |   3 |  840.3 |
               +--------+--------+--------+--------+--------+-----+--------+

Top non-repeatable levels by time:
     D:2: 1204 daAuts
     D:1: 1128 daAuts
     D:3: 188 daAuts
